[Event "87th Tata Steel Challengers 2025"]
[Site "Wijk aan Zee"]
[Date "2025.01.31"]
[Round "11.1"]
[White "Bulmaga, Irina"]
[Black "Deshmukh, Divya"]
[Result "0-1"]
[Annotator "TA"]
[ECO "C11"]
[WhiteElo "2386"]
[BlackElo "2490"]
[PlyCount "72"]
[EventDate "2025.01.13"]
[EventType "tourn"]
[EventCountry "NED"]
[SourceTitle "playchess.com"]
[Source "ChessBase"]
[SourceQuality "1"]
[TimeControl "40/6000+30:20/3000+30:900+30"]

1. e4 e6 2. d4 d5 3. Nc3 Nf6 4. e5 Nfd7 5. f4 c5 6. dxc5 Nc6 {[%emt 0:00:28] C11: French: Classical System: 4 e5 and 4 Bg5 dxe4.} 7. Bd2 {[%emt 0:00:17] outshines the older 7.a3.} Nxc5 8. Nf3 Be7 {[%emt 0:00:07] The position is equal.} 9. Be3 O-O 10. Be2 b6 11. O-O $146 (11. a4 Bb7 12. O-O Ne4 13. Nb5 Rc8 14. c3 Bc5 15. Nfd4 a6 16. Na3 Nxd4 17. cxd4 {1-0 Haavamae,H (1977)-Chukavin,K (1884) Keres Memorial-B 2013 (2)}) 11... Bb7 12. a3 f6 13. Nb5 fxe5 14. fxe5 (14. Nxe5 $11 {might be stronger.} Nxe5 15. fxe5) 14... Qb8 $15 15. b4 {[%emt 0:10:02][%csl Oc2,Oe5] White has weak pawns} Ne4 16. Bd4 {[%emt 0:12:25][%csl Oe4] Strong Square Black (e4)} ({White should try} 16. Bd3 $15) 16... a6 $17 17. Nc3 Qc7 {[%emt 0:06:36] Black is much more active.} 18. Na4 Nxd4 19. Qxd4 {[%emt 0:00:16] [#]} b5 (19... Qxc2 20. Bd1 Qc7 21. Qxb6 $15) 20. Nb6 {[%emt 0:07:27] This costs White the game.} (20. Nb2 $17 {is a better defense.}) 20... Rab8 21. a4 bxa4 ({Worse is} 21... Qxc2 22. Nd7 $11) (21... Rf4 $19 {and Black stays clearly on top.} 22. Qe3 Nc3 (22... Rbf8 $2 23. axb5 axb5 24. Bxb5 $19)) 22. Rxa4 $2 (22. Nxa4 $17 Bc6 (22... Qxc2 23. Bd3 $17) 23. Nc5 Nxc5 24. bxc5) 22... Bd8 $19 (22... Qxc2 $2 23. Bd3 Qc3 24. Qxc3 Nxc3 25. Ra3 Bxb4 26. Rb3 Bc5+ 27. Kh1 Bxb6 28. Rxb6 $17) 23. c4 Qxb6 24. c5 Qc6 25. Raa1 {[%emt 0:02:49] [#]} a5 $1 26. Nd2 (26. Kh1 axb4) 26... Rxf1+ 27. Rxf1 Be7 28. Nxe4 dxe4 29. Kh1 axb4 30. Qxb4 Bxc5 31. Qb3 Rf8 {[%emt 0:01:21] White must now prevent ...e3.} 32. Rb1 Ba8 33. Bb5 Qd5 34. Bc4 Qxe5 {[%emt 0:00:04] ( -> ...e3)} 35. Bxe6+ Kh8 36. Qh3 e3 {[%emt 0:00:21] Weighted Error Value: White=0.91/Black=0.32  Loses game:     	White=2     	---        Missed win:     	---       	Black=1      Mistake:       	White=2     	---        Inaccurate:     	White=2     	---        OK:         	White=6     	Black=8      Best:        	---       	Black=1} 0-1

[Event "87th Tata Steel Challengers 2025"]
[Site "Wijk aan Zee"]
[Date "2025.01.31"]
[Round "11.2"]
[White "Bok, Benjamin"]
[Black "Pijpers, Arthur"]
[Result "1/2-1/2"]
[Annotator "TA"]
[ECO "A34"]
[WhiteElo "2583"]
[BlackElo "2474"]
[PlyCount "60"]
[EventDate "2025.01.13"]
[EventType "tourn"]
[EventCountry "NED"]
[SourceTitle "playchess.com"]
[Source "ChessBase"]
[SourceQuality "1"]
[TimeControl "40/6000+30:20/3000+30:900+30"]

1. Nf3 Nf6 2. c4 c5 3. g3 d5 4. cxd5 Nxd5 5. Bg2 Nc6 6. Nc3 g6 7. h4 {[%emt 0:00:04] A34: Symmetrical English: 2 Nc3, lines with ...d5.} h6 8. Nxd5 Qxd5 9. d3 Bg7 10. Be3 {[%emt 0:01:35] Prevents b6} Bd4 $146 (10... Bxb2 $11 11. O-O (11. Rb1 Bc3+ 12. Kf1 Qxa2 $15) 11... Bxa1 12. Qxa1 f6) (10... Bxb2 11. O-O Qd6 12. Rb1 Bg7 13. Qc1 Nd4 14. Nxd4 cxd4 15. Bf4 Qe6 16. Qd2 Qf5 {½-½ Ivic,V (2562)-Parligras,M (2561) Bundesliga 2324 2023 (8.6)}) 11. Qd2 Bxe3 12. Qxe3 Nd4 13. Rc1 {[%emt 0:07:10] Prevents Nc2+} Bg4 14. O-O Bxf3 15. exf3 {[%emt 0:03:03] A sharp opening} Qd6 16. f4 Rb8 17. Rc4 a5 18. a3 (18. Re1 $11) 18... b5 $15 19. Rc3 a4 (19... Kd7 {is interesting.} 20. a4 e6 21. Ra1 b4) 20. Re1 Rd8 ({Black should play} 20... e6 $15) 21. Kf1 Kf8 22. Qe5 Qxe5 23. Rxe5 Nb3 24. Bc6 {[%emt 0:01:21] The position is equal.} b4 25. Rc2 bxa3 $1 26. bxa3 Rxd3 27. Bxa4 {[%emt 0:00:33] [#] aiming for Ke2.} Nd2+ $1 28. Ke2 $1 Rxa3 29. Kxd2 Rxa4 30. Rcxc5 Ra7 {[%emt 0:01:06] Weighted Error Value: White=0.08 (flawless) /Black=0.08 (flawless)   Mistake:       	White=1     	Black=2      Inaccurate:     	White=1     	---        OK:         	White=8     	Black=13     Best:        	---       	Black=4      Strong:       	White=1     	Black=2} 1/2-1/2

[Event "87th Tata Steel Challengers 2025"]
[Site "Wijk aan Zee"]
[Date "2025.01.31"]
[Round "11.3"]
[White "Lu, Miaoyi"]
[Black "L'Ami, Erwin"]
[Result "0-1"]
[Annotator "TA"]
[ECO "C54"]
[WhiteElo "2429"]
[BlackElo "2614"]
[PlyCount "132"]
[EventDate "2025.01.13"]
[EventType "tourn"]
[EventCountry "NED"]
[SourceTitle "playchess.com"]
[Source "ChessBase"]
[SourceQuality "1"]
[TimeControl "40/6000+30:20/3000+30:900+30"]

1. e4 e5 2. Nf3 Nc6 3. Bc4 Bc5 4. c3 Nf6 5. d4 exd4 6. cxd4 Bb4+ 7. Nbd2 Nxe4 8. O-O Nxd2 9. Bxd2 Bxd2 10. Qxd2 O-O 11. d5 Ne7 12. d6 {[%emt 0:00:04] C54: Giuoco Piano: 4 c3 Nf6, main lines with 5 d4 and 5 d3.} cxd6 13. Ng5 d5 14. Qd3 {[%emt 0:00:04][%csl Gg5][%cal Rd3h7] [#] The position is equal.} g6 15. Bxd5 d6 $146 (15... Nxd5 16. Qxd5 d6 17. Ne4 Qb6 18. Qd2 d5 19. Qxd5 Bf5 20. Nd6 Rad8 21. Rad1 Qxb2 {1-0 Hollan,M (2344)-Kusa,J (2351) CZE-chT 2324 2023 (5.8)}) 16. Ne4 Kg7 {[%emt 0:05:55] Prevents Nf6.} (16... Nxd5 $11 17. Qxd5 Re8) 17. Rfd1 {[%emt 0:29:41][%mdl 1024] White has compensation.} Qb6 18. Qc3+ f6 19. a4 Bf5 {[%emt 0:05:43] [#]} 20. a5 Nxd5 21. Rxd5 Qc6 22. Qd4 Bxe4 23. Qxe4 Rfe8 24. Qd4 Re6 25. h4 a6 (25... Rae8 $5) 26. Ra3 Rd8 27. Rc3 Qe8 28. h5 Qe7 29. Rd3 Re4 30. Qb6 (30. Qc3 $11 {is superior.}) 30... Re1+ 31. Kh2 Re5 (31... Rd7 {looks sharper.} 32. Qb4 Qe4 33. R3d4 Qe2) 32. g3 Re6 33. Rd1 Rd7 34. R1d2 g5 35. Qd4 Kh6 36. Qg4 Re4 37. Qd1 Re1 38. Qf3 Kg7 39. Qg4 Qe6 40. Qa4 (40. Qxe6 $1 $11 Rxe6 41. Kh3) 40... Re5 (40... Re7 $17 {[%cal Oe1h1] Hoping for ...Rh1+!.} 41. g4 (41. Rxd6 $2 Rh1+ 42. Kg2 Qh3+ 43. Kf3 Rhe1 $19) 41... Re4) 41. Qd1 $11 Qf5 $40 {[%emt 0:05:28][%mdl 128] Black has some attack.} 42. f3 (42. g4 $11 Qf4+ 43. Kg2) 42... Rde7 $15 43. b4 Qc8 ({Better is} 43... Rxd5 $15 44. Rxd5 Re2+ 45. Qxe2 Qxd5) 44. Rxe5 dxe5 $11 {[%emt 0:01:53][%mdl 4096] Endgame KQR-KQR. Black is a pawn up.} 45. Rd8 $1 Qe6 46. Qd3 (46. Qd5 $11 {keeps the balance.}) 46... e4 $17 47. fxe4 Qxe4 48. Qxe4 Rxe4 {[%emt 0:00:08] KR-KR. Black is a pawn up.} 49. Rd7+ {[%emt 0:00:00] Now White is beyond hope.} (49. Kh3 $1 $15) 49... Kh6 $19 50. Rxb7 Kxh5 51. Rxh7+ $2 (51. Kh3) 51... Kg4 52. Rh6 f5 ({Not} 52... Rxb4 53. Rxf6 Rb2+ 54. Kg1 $11) 53. Rxa6 Re2+ (53... Rxb4 54. Rb6 Ra4 55. Rb2 $17) 54. Kg1 Kxg3 55. Kf1 Rf2+ (55... Rb2 $142 56. Rf6 f4 (56... Rxb4 57. Rxf5 g4 58. a6 $11)) 56. Ke1 Rb2 {[%emt 0:00:08][%cal Of5f4] ( -> ...f4!)} 57. Rd6 f4 {[%emt 0:00:55] Black mates.} ({Weaker is} 57... Rxb4 58. Rd3+ Kg2 59. Rd5 $11) 58. Rd2 Rb1+ 59. Ke2 f3+ 60. Ke3 Rb3+ 61. Kd4 Rxb4+ 62. Kc5 Ra4 63. Kb5 Ra1 64. a6 f2 65. Rd3+ Kg2 66. Rd2 Kg1 {[%emt 0:00:09] Weighted Error Value: White=0.53/Black=0.18 (very precise)   Mistake:       	White=6     	Black=3      Inaccurate:     	White=4     	Black=3      OK:         	White=11    	Black=15     Best:        	White=1     	Black=5      Strong:       	White=1     	---} 0-1

[Event "87th Tata Steel Challengers 2025"]
[Site "Wijk aan Zee"]
[Date "2025.01.31"]
[Round "11.4"]
[White "Svane, Frederik"]
[Black "Nguyen, Thai Dai Van"]
[Result "1-0"]
[Annotator "TA"]
[ECO "C55"]
[WhiteElo "2664"]
[BlackElo "2668"]
[PlyCount "111"]
[EventDate "2025.01.13"]
[EventType "tourn"]
[EventCountry "NED"]
[SourceTitle "playchess.com"]
[Source "ChessBase"]
[SourceQuality "1"]
[TimeControl "40/6000+30:20/3000+30:900+30"]

1. e4 e5 2. Nf3 Nc6 3. Bc4 Nf6 4. d3 Be7 5. Nc3 O-O 6. O-O d6 7. a4 Na5 8. Ba2 Nc6 9. Ne2 {[%emt 0:00:12] The position is equal.} Bg4 10. Be3 d5 11. Ng3 Be6 12. Ng5 Bg4 13. Nf3 Be6 14. Qe2 dxe4 15. dxe4 Bxa2 16. Rxa2 Qc8 17. Raa1 Re8 18. c3 h6 19. a5 a6 20. b4 Qe6 21. Rfc1 Bf8 22. h3 Nb8 23. Rab1 Nbd7 24. c4 b6 25. Qa2 Reb8 26. Qa1 bxa5 27. Qxa5 c5 28. bxc5 (28. Bxc5 Bxc5 29. bxc5 Rxb1 30. Rxb1 Qxc4 $15) 28... Rc8 29. Qc3 Nxc5 30. Qxe5 Qxe5 31. Nxe5 Bd6 {[%emt 0:05:03] [#]} 32. Nf5 $1 Bxe5 33. Ne7+ Kh7 34. Nxc8 Rxc8 35. f4 Bb2 36. Rxb2 {[%emt 0:06:28] [#] Bxc5 would now be deadly.} Nd3 {[%emt 0:00:01] Excellent horsemanship.} 37. Rbc2 Nxc1 38. Rxc1 {[%emt 0:00:02] With the idea e5.} Nxe4 $11 {[%emt 0:00:08][%mdl 4096] Endgame. KRB-KRN} 39. c5 Ng3 (39... a5 $11) 40. Kf2 $16 Nf5 41. Kf3 a5 42. Ke4 Nxe3 {[%emt 0:16:28][%mdl 8192] A mistake that costs the game.} (42... Kg6 $16 {is a better defense.} 43. Bf2 Re8+ 44. Kd3 Ne7) 43. Kxe3 {[%emt 0:00:05] KR-KR} a4 44. Kd4 a3 45. Ra1 Ra8 (45... Kg6 $142 46. Rxa3 Kf5) 46. Ra2 $18 Kg6 47. c6 Kf5 48. Kc5 Kxf4 49. c7 Kg3 50. Kb6 {[%emt 0:01:43] White mates.} g5 51. Kb7 Re8 52. c8=Q Rxc8 53. Kxc8 (53. Rxa3+ Kxg2 54. Kxc8 f5 $11) 53... f5 54. Kd7 (54. Rxa3+ Kxg2 55. Ra6 f4 (55... Kxh3 56. Rxh6+ Kg2 57. Rh5 $11) 56. Rxh6 f3 $11) 54... f4 55. Ke6 ({And not} 55. Rxa3+ Kxg2 56. Ke6 f3 $11) 55... h5 56. Kf5 {[%emt 0:00:28] Weighted Error Value: White=0.03 (flawless) /Black=0.33.  Loses game:     	---       	Black=1      Mistake:       	---       	Black=2      Inaccurate:     	---       	Black=2      OK:         	White=18    	Black=22     Best:        	White=3     	---} 1-0

[Event "87th Tata Steel Challengers 2025"]
[Site "Wijk aan Zee"]
[Date "2025.01.31"]
[Round "11.5"]
[White "Oro, Faustino"]
[Black "Yakubboev, Nodirbek"]
[Result "0-1"]
[Annotator "TA"]
[ECO "E51"]
[WhiteElo "2447"]
[BlackElo "2659"]
[PlyCount "94"]
[EventDate "2025.01.13"]
[EventType "tourn"]
[EventCountry "NED"]
[SourceTitle "playchess.com"]
[Source "ChessBase"]
[SourceQuality "1"]
[TimeControl "40/6000+30:20/3000+30:900+30"]

1. d4 Nf6 2. c4 e6 3. Nc3 Bb4 4. e3 O-O 5. Bd2 d5 6. Nf3 Nbd7 7. Rc1 {[%emt 0:01:21] E51: Nimzo-Indian: Rubinstein: 4...0-0 5 Nf3 d5.} c6 8. Be2 Qe7 9. O-O {[%emt 0:06:04] The position is equal.} dxc4 10. Bxc4 e5 11. Qc2 Bxc3 12. bxc3 (12. Bxc3 $11 e4 13. Ne5) 12... e4 $1 $15 13. Ne1 {[%emt 0:01:41] [#]} b5 $1 14. Be2 Nb6 15. a4 $146 {[%emt 0:18:02] White is weak on the light squares} (15. Qb2 Be6 16. c4 Nxc4 17. Bxc4 Bxc4 18. Bb4 Qe6 19. Bxf8 Rxf8 20. Nc2 Bxf1 21. Rxf1 {0-1 Sorensen,H (2442)-Urkedal,F (2536) Rilton Cup 50th 2022 (7)}) 15... Bg4 $36 {[%emt 0:11:02][%mdl 2048] Black is in control.} (15... bxa4 16. c4 $11) 16. f3 Bf5 17. Qd1 Nxa4 {[%emt 0:15:38] Black is much more active. The white rooks are passive.} 18. c4 a6 19. Qb3 Qd7 20. Nc2 (20. Ba5 $15) 20... Nb6 21. cxb5 (21. Na3 $17 {was called for.}) 21... cxb5 $19 22. d5 Nbxd5 23. Nd4 exf3 24. gxf3 {[%emt 0:00:17] [#]} Nf4 $1 {[%emt 0:01:06][%mdl 512] and ...Nxe2+ should not be overlooked} 25. Rfd1 (25. Ba5 Nxe2+) 25... Be6 26. Qb2 Nxe2+ 27. Nxe2 Qd5 28. e4 Qb3 29. Bc3 Qxb2 30. Bxb2 Rfc8 (30... a5 $19 31. Nd4 Bc4) 31. Nd4 Rxc1 32. Rxc1 Bc4 33. Nf5 Nh5 34. Ra1 a5 35. Ne7+ (35. Kf2 $17) 35... Kf8 36. Nc6 a4 37. Kf2 Rc8 38. Nb4 Rd8 39. Ke3 {[%emt 0:00:43] Against Rd2} f6 40. f4 g6 41. Rg1 Kf7 42. h4 Ng7 43. Bc3 Ne6 44. h5 g5 (44... gxh5 45. f5 Nc5 46. Rh1 $19) 45. fxg5 fxg5 (45... Nxg5 46. Rg2 $19) 46. Be5 a3 47. Ra1 {[%emt 0:00:00] [#]} a2 $1 {[%emt 0:00:00] Weighted Error Value: White=0.23 (precise) /Black=0.06 (flawless)   Mistake:       	White=4     	Black=1      OK:         	White=11    	Black=26     Strong:       	---       	Black=2} 0-1

[Event "87th Tata Steel Challengers 2025"]
[Site "Wijk aan Zee"]
[Date "2025.01.31"]
[Round "11.6"]
[White "Vaishali, Rameshbabu"]
[Black "Suleymanli, Aydin"]
[Result "0-1"]
[Annotator "TA"]
[ECO "B74"]
[WhiteElo "2476"]
[BlackElo "2623"]
[PlyCount "96"]
[EventDate "2025.01.13"]
[EventType "tourn"]
[EventCountry "NED"]
[SourceTitle "playchess.com"]
[Source "ChessBase"]
[SourceQuality "1"]
[TimeControl "40/6000+30:20/3000+30:900+30"]

1. e4 c5 2. Nf3 Nc6 3. Nc3 g6 4. d4 cxd4 5. Nxd4 Bg7 6. Be3 Nf6 7. Be2 d6 8. O-O O-O 9. Nb3 b6 10. f4 Bb7 11. Bf3 Nd7 12. Qd2 Nc5 13. Rad1 Rc8 {[%emt 0:02:29] B74: Sicilian Dragon: Classical System with 9 Nb3.} 14. Qf2 Qe8 ({Better is} 14... Ba6 $11) 15. h4 $146 (15. Nd4 Nxd4 16. Bxd4 e5 17. Be3 exf4 18. Bxf4 Na4 19. Nxa4 Qxa4 20. c3 Be5 21. Bh6 {½-½ Burnett,A (2269)-Roeder,M (2411) Plzen op 6th 2014 (5)}) 15... Nd8 {[%emt 0:09:06][%cal Bc6d8,Bd8e6,Be6d4][%mdl 32] The position is equal.} 16. Nxc5 bxc5 17. h5 f5 18. hxg6 hxg6 19. g4 (19. Qh4 $5) 19... Ne6 20. exf5 Bxf3 21. Qxf3 gxf5 22. Qd5 Qf7 23. g5 Nd4 24. Qg2 e6 {[%emt 0:01:56] Prevents Nd5} 25. Rd2 Qh5 26. b3 Qg4 27. Ne2 e5 (27... Nxe2+ $11 {keeps the balance.} 28. Rxe2 Qxg2+ 29. Kxg2 Kf7) 28. Qxg4 $1 $16 fxg4 29. Bxd4 cxd4 30. f5 Kf7 31. Ng3 (31. c3 $16) 31... Rh8 $1 $14 (31... Rc3 32. Ne4 Rc6 33. f6 $16) 32. Re2 d5 33. f6 Bf8 34. Nf5 $1 $132 {[%emt 0:00:36][%mdl 2048] White puts up resistance} (34. Rxe5 $2 Rxc2 (34... Bd6 35. Rxd5 Bxg3 36. Rxd4 $17) 35. Re2 (35. Rxd5 $2 Rhh2 $19) 35... Rc3 $17) 34... e4 {[%emt 0:01:09] Black wants to play ...Rh5.} 35. Nxd4 Bc5 36. c3 Bb6 (36... Rh3 $5 37. Rf5 $8 Bxd4+ 38. cxd4 Rch8 $11) 37. Rf5 Rhd8 38. Rh2 $2 {[%emt 0:00:29][%mdl 8192] This costs White the game.} (38. Kg2 $1 $11 {and White has nothing to worry.}) 38... Rxc3 $19 39. Rh7+ Kg8 $1 40. Rg7+ Kh8 41. Kg2 Bxd4 42. g6 Rh3 {[%emt 0:16:36] Prevents Rh5+.} (42... Rc2+ 43. Kg3 Bxf6 (43... Rxa2 44. Rh5#) 44. Rh7+ Kg8 45. Rxf6 $11) 43. Rc7 {[%emt 0:16:00] [#] g7+ is the strong threat.} Bxf6 44. Rxf6 d4 45. Rcf7 {[%emt 0:24:05] [#]} ({Much worse is} 45. Rf4 d3 46. g7+ Kg8 $19) 45... Kg8 {[%emt 0:00:26] Strongly threatening ...Rf3. Wards off g7} 46. Rf4 (46. g7 $142 Rf3 47. Rf8+ Kxg7 48. Rxd8 Kxf6 49. Rxd4) 46... d3 47. Rxg4 d2 48. Rf1 Re3 {[%emt 0:00:23] Weighted Error Value: White=0.39/Black=0.14 (very precise)   Loses game:     	White=1     	---        Mistake:       	White=2     	Black=2      Inaccurate:     	White=3     	Black=2      OK:         	White=9     	Black=14     Best:        	White=6     	Black=4      Strong:       	White=2     	Black=2      Brilliant:      	---       	Black=1} ({Not} 48... d1=Q 49. Rxd1 Rhd3 50. Re1 $16) 0-1

[Event "87th Tata Steel Challengers 2025"]
[Site "Wijk aan Zee"]
[Date "2025.01.31"]
[Round "11.7"]
[White "Nogerbek, Kazybek"]
[Black "Gurel, Ediz"]
[Result "1/2-1/2"]
[Annotator "TA"]
[ECO "D50"]
[WhiteElo "2514"]
[BlackElo "2624"]
[PlyCount "61"]
[EventDate "2025.01.13"]
[EventType "tourn"]
[EventCountry "NED"]
[SourceTitle "playchess.com"]
[Source "ChessBase"]
[SourceQuality "1"]
[TimeControl "40/6000+30:20/3000+30:900+30"]

1. d4 Nf6 2. c4 e6 3. Nf3 d5 4. Nc3 c5 5. cxd5 cxd4 6. Qxd4 exd5 7. Bg5 Be7 8. e3 O-O {[%emt 0:00:14] The position is equal.} 9. Be2 Nc6 10. Qd3 h6 11. Bh4 Qb6 12. O-O Rd8 13. Qb5 Qxb5 14. Nxb5 g5 15. Bg3 Ne4 16. Rfd1 Nxg3 17. hxg3 Be6 18. Nfd4 {[%emt 0:04:39] Threatens to win with Nxe6.} Rac8 19. Rac1 Nxd4 20. Nxd4 Bf6 21. Nxe6 fxe6 22. Bg4 Kf7 23. Rxc8 Rxc8 24. Rxd5 $11 {[%emt 0:00:40][%mdl 4096] Endgame. With the idea Rd7+. KRB-KRB} Rc1+ 25. Rd1 Rxd1+ 26. Bxd1 Bxb2 {[%emt 0:00:04] KB-KB} 27. f4 Kf6 28. Kf2 e5 29. Kf3 exf4 30. gxf4 gxf4 31. exf4 {[%emt 0:00:06] Not much happened in this game.   Weighted Error Value: White=0.01 (flawless) /Black=0.02 (flawless) .  OK:         	White=12    	Black=12     Best:        	White=1     	Black=2} 1/2-1/2